 Dungeon Crawl Stone Soup version 0.30-b1-2-g02819fbbbe (webtiles) character file.

Game seed: 2519691635354737601

67 funkygono the Shield-Bearer (level 3, -16/33 HPs)
             Began as a Minotaur Fighter on May 10, 2023.
             Killed from afar by Robin (21 damage)
             ... with a bolt of dispelling energy
             ... on level 2 of the Dungeon.
             The game lasted 00:01:26 (845 turns).

funkygono the Shield-Bearer (Minotaur Fighter)       Turns: 845, Time: 00:01:27

Health: -16/33     AC:  7    Str: 22    XL:     3   Next: 98%
Magic:  2/2        EV:  9    Int:  5    God:
Gold:   95         SH:  4    Dex:  9    Spells: 2/2 levels left

rFire   . . .        a - +0 war axe
rCold   . . .        c - +0 buckler
rNeg    . . .        b - +0 scale mail
rPois   .            (helmet restricted)
rElec   .            (no cloak)
rCorr   .            (no gloves)
SInv    +            (no boots)
Will    .....        (no amulet) Stlth
                     f - ring of see invisible
HPRegen 0.25/turn    (no ring)
MPRegen 0.08/turn

%: no passive effects
@: lethally poisoned (-16 -> -17)
A: horns 2, retaliatory headbutt
a: no special abilities


You were on level 2 of the Dungeon.
You visited 1 branch of the dungeon, and saw 2 of its levels.

You collected 95 gold pieces.

Inventory:

Hand Weapons
 a - a +0 war axe (weapon)
Armour
 b - a +0 scale mail (worn)
 c - a +0 buckler (worn)
Jewellery
 f - a ring of see invisible (left hand)
 o - an amulet of magic regeneration
Scrolls
 e - 2 scrolls of fear {unknown}
 g - a scroll of noise {unknown}
 h - a scroll of enchant armour {unknown}
 j - a scroll of silence {unknown}
 k - a scroll of enchant weapon {unknown}
 m - a scroll of identify {unknown}
 n - a scroll of teleportation {unknown}
Potions
 d - a potion of might
 i - a potion of magic {unknown}
 l - 2 potions of heal wounds {unknown}


   Skills:
 + Level 4.2 Fighting
 + Level 3.6 Axes
 + Level 4.0 Armour
 + Level 0.4 Dodging
 + Level 4.3 Shields


You had 2 spell levels left.
You didn't know any spells.
Your spell library was empty.

Dungeon Overview and Level Annotations

Branches:
Dungeon (2/15)

Altars:

Annotations:
D:2 Robin


Innate Abilities, Weirdness & Mutations

You have a pair of horns on your head.
You reflexively headbutt those who attack you in melee.


Message History

Robin roars a battlecry!
The goblins go into a battle-frenzy!
The goblin closely misses you. You furiously retaliate!
You headbutt the goblin!
You kill the goblin!
The goblin closely misses you. You furiously retaliate!
You headbutt the goblin!
You kill the goblin!
Robin throws the goblin at you! The hobgoblin closely misses you.
You furiously retaliate!
You headbutt the hobgoblin!
You kill the hobgoblin!
The goblin hits you with a +2 dagger of venom.
You are poisoned.
You barely miss the goblin.
You feel very sick. The goblin barely misses you.
A hobgoblin comes into view.
The hobgoblin shouts!
You hit the goblin.
You kill the goblin!
You hit the goblin.
You feel very sick. The goblin barely misses you. You furiously retaliate!
You headbutt the goblin.
You kill the goblin!
You feel sick.
Robin hits you from afar with a +0 trident.
Items here: ))) †.
Found 13 gold pieces.
Found a stone staircase leading up.
You feel sick.
Items here: )) ? †.
You slash the hobgoblin!
You kill the hobgoblin!
You hit Robin.
You feel sick.
Robin zaps a wand.
The bolt of dispelling energy hits you!
* * * LOW HITPOINT WARNING * * *
Robin hits you but does no damage.
You feel sick. You block Robin's attack.
You barely miss Robin.
You feel sick.
Robin zaps a wand.
The bolt of dispelling energy hits you!!
Ouch! That really hurt!
You die...

###. #. ########.## ......#.
#.......... .......#.##
#.##....... ########...#$.....#
#.##....... .....<.+...+.. ...#
#.##......
.#####.#...###.##.###)....######
.###.......+.....).))..)........
..##.#.....###.##)######..#######
..##.#...#.#....@g# #..##.....
..##.#.#.# ##...########..##.....
..##.#.#.#...>.. .........'.....
.....#.#.#<..... .#####.#.#.....
.#####)#.####... #...###'##
.......# '... ##### #.## ###.....
##... #... #.##### #... ###. #.
##


You could see Robin.

Vanquished Creatures
  A dart slug (D:1)
  2 ball pythons (D:1)
  A bat (D:2)
  2 endoplasms (D:1)
  18 goblins
  9 hobgoblins
  3 jackals (D:1)
  5 kobolds
  5 quokkas
  2 frilled lizards (D:1)
  5 rats
53 creatures vanquished.

Notes
Turn   | Place    | Note
-------+----------+-------------------------------------------
     0 | D:1      | funkygono the Minotaur Fighter began the quest for the Orb.
     0 | D:1      | Reached XP level 1. HP: 19/19 MP: 0/0
    58 | D:1      | Reached XP level 2. HP: 27/27 MP: 1/1
   205 | D:1      | Reached XP level 3. HP: 24/33 MP: 2/2
   455 | D:1      | You fall into a shaft and drop 1 floor!
   830 | D:2      | Noticed Robin
   845 | D:2      | Killed from afar by Robin

Illustrated notes

Levels and vault maps discovered:
D:1:      eino_arrival_water_star, layout_rooms
D:2:      layout_basic, hangedman_decor_points, uniq_robin

Skill      XL: |  1  2  3 |
---------------+----------+-----
Shields        | 4 |  4.3
Fighting       | 4 |  4.2
Axes           | 3 |  3.6
Armour         | 4 |  4.0
Dodging        | |  0.4

Action                     || total
---------------------------++-------
  Melee: War axe           ||    94
         Headbutt          ||    10
 Armour: Scale mail        ||    33
  Dodge: Dodged            ||    50
  Block: Buckler           ||    15
